FLORIDA Panthers vs TAMPA BAY Lightning

Created - 19 mars 2024 at 10:51

Goals
1 2 3 T
FLORIDA Panthers 0 1 1 2
TAMPA BAY Lightning 1 1 2 4
Shots
1 2 3 T
FLORIDA Panthers 7 8 12 27
TAMPA BAY Lightning 10 15 13 38

1st period

1. TAMPA BAY Lightning , Mikael Backlund 27 (Erik Gudbranson 31, Dylan DeMelo 42) at 8:19 (SH)

Penalties :
Sammy Blais (TBL) for Tripping (Minor) at 3:50, Josh Mahura (TBL) for Hooking (Minor) at 7:11, Dougie Hamilton (FLO) for Tripping (Minor) at 11:56, Brock Nelson (FLO) for Cross-checking (Minor) at 17:22

2nd period

2. TAMPA BAY Lightning , Scott Laughton 17 (Mason Marchment 17, Dylan DeMelo 43) at 3:45 (PP)
3. FLORIDA Panthers , Brock Nelson 15 (Brandon Saad 13, Vincent Trocheck 26) at 13:26 (PP)

Penalties :
Brady Skjei (FLO) for Holding (Minor) at 1:51, Erik Gudbranson (TBL) for Roughing (Double Minor) at 5:43, Matthew Tkachuk (FLO) for Tripping (Minor) at 5:43, Sammy Blais (TBL) for Cross-checking (Minor) at 13:08, Dougie Hamilton (FLO) for Slashing (Minor) at 14:12, Connor Murphy (FLO) for Hooking (Minor) at 15:15, Nick Ritchie (TBL) for Tripping (Minor) at 19:24

3rd period

4. FLORIDA Panthers , Steven Stamkos 17 (Josh Morrissey 27, Matthew Tkachuk 36) at 9:00 (PP)
5. TAMPA BAY Lightning , Tyson Jost 10 (Dylan DeMelo 44, Erik Gudbranson 32) at 11:07 (PP)
6. TAMPA BAY Lightning , Sammy Blais 5 (Tyson Jost 16) at 12:50

Penalties :
Eeli Tolvanen (TBL) for Cross-checking (Minor) at 8:05, Connor Murphy (FLO) for Slashing (Minor) at 9:19, Chad Ruhwedel (TBL) for Cross-checking (Minor) at 15:12

Goalie Stats

Darcy Kuemper (FLO), 34 saves from 38 shots - (0,895), L, 28-20-7, 60:00 minutes
Karel Vejmelka (TBL), 25 saves from 27 shots - (0,926), W, 13-17-3, 60:00 minutes

Players Stats for FLORIDA Panthers

Player Name              G  A  P  +/- PIM S  H  SB GA TA FO     MP     PP MP  PK MP  
------------------------------------------------------------------------------------
Adam Henrique            0  0  0   0  0   1  0  0  0  0  5/10   11:57   0:00   2:26 
Brady Skjei              0  0  0  -1  2   1  3  0  0  0  0/0    22:43   4:22   4:13 
Brandon Saad             0  1  1  -1  0   1  0  0  0  0  0/1    14:21   5:07   0:00 
Brock Nelson             1  0  1  -1  2   5  2  0  0  0  0/1    20:05   5:07   4:55 
Carter Verhaeghe         0  0  0  -1  0   3  1  0  0  0  0/1    21:03   6:02   0:00 
Connor Murphy            0  0  0  -1  4   1  2  4  0  0  0/0    15:47   0:18   3:56 
Derek Grant              0  0  0   0  0   0  0  0  0  0  5/6     3:33   0:00   0:00 
Dougie Hamilton          0  0  0   0  4   1  2  1  0  0  0/0    21:25   6:29   1:50 
Eetu Luostarinen         0  0  0   0  0   2  0  0  0  0  1/3    14:13   0:00   4:42 
Jordan Martinook         0  0  0   0  0   0  0  0  0  0  0/0     5:31   0:00   1:28 
Josh Morrissey           0  1  1   0  0   4  1  0  0  0  0/0    25:33   6:47   5:19 
Matt Irwin               0  0  0  -1  0   0  3  0  0  0  0/0    10:45   0:00   0:12 
Matthew Tkachuk          0  1  1  -1  2   3  0  0  0  0  0/1    19:53   6:02   0:00 
Ryan McDonagh            0  0  0  -1  0   0  1  0  0  0  0/0    23:42   4:22   5:53 
Ryan McLeod              0  0  0   0  0   0  0  0  0  0  0/0     3:33   0:00   0:00 
Steven Stamkos           1  0  1  -1  0   1  0  0  0  0  11/29  21:59   6:02   0:36 
Vincent Trocheck         0  1  1  -1  0   3  3  1  0  0  22/35  20:42   5:07   6:21 
Yegor Sharangovich       0  0  0   0  0   1  0  0  0  0  1/1     9:31   0:00   0:00 

Players Stats for TAMPA BAY Lightning

Player Name              G  A  P  +/- PIM S  H  SB GA TA FO     MP     PP MP  PK MP  
------------------------------------------------------------------------------------
Anders Lee               0  0  0   1  0   6  2  0  0  0  3/4    25:35   5:11   7:30 
Chad Ruhwedel            0  0  0   0  2   1  6  1  0  0  0/0    17:20   0:03   4:41 
Christian Fischer        0  0  0   0  0   1  0  0  0  0  0/0     9:27   0:00   0:50 
Dylan DeMelo             0  3  3   1  0   1  4  0  0  0  0/0    26:24   6:07   5:12 
Eeli Tolvanen            0  0  0   0  2   2  0  0  0  0  1/3    18:56   5:11   0:00 
Erik Gudbranson          0  2  2   1  4   2  2  2  0  0  0/0    22:05   6:10   4:18 
Josh Mahura              0  0  0   1  2   4  1  1  0  0  0/0    18:01   4:32   1:39 
Mason Marchment          0  1  1   0  0   4  1  0  0  0  0/1    15:21   5:31   0:00 
Michael McCarron         0  0  0   0  0   0  1  0  0  0  2/7     8:34   0:00   0:00 
Mikael Backlund          1  0  1   1  0   1  3  0  0  0  21/37  25:53   5:11   6:53 
Nick Ritchie             0  0  0   1  2   0  2  0  0  0  0/0     5:55   0:00   0:00 
Nicolas Deslauriers      0  0  0   0  0   2  2  0  0  0  1/2     8:34   0:00   0:00 
Robert Hagg              0  0  0   1  0   0  2  0  0  0  0/0    12:19   0:00   1:04 
Ryan Reaves              0  0  0   0  0   3  0  0  0  0  0/1     9:18   0:00   0:00 
Sammy Blais              1  0  1   1  4   1  1  0  0  0  0/0     5:54   0:00   0:00 
Scott Laughton           1  0  1   0  0   4  2  0  0  0  8/15   18:28   5:31   3:39 
Timothy Liljegren        0  0  0   0  0   4  3  2  0  0  0/0    23:48   4:32   5:24 
Tyson Jost               1  1  2   1  0   2  1  0  0  0  7/18   14:53   5:31   3:26 

3 Stars

1 - Dylan DeMelo (TBL)
2 - Tyson Jost (TBL)
3 - Mikael Backlund (TBL)

Power Play

FLORIDA Panthers - 2 on 7 Attempt(s) - 28,57%
TAMPA BAY Lightning - 2 on 6 Attempt(s) - 33,33%

Penalty Kill

FLORIDA Panthers - 4 on 6 Attempt(s) - 66,67% - Score 0 goal in Penalty Kill
TAMPA BAY Lightning - 5 on 7 Attempt(s) - 71,43% - Score 1 goal in Penalty Kill

Team Stat

FLORIDA Panthers - Hits : 18 - Faceoff Wins : 45 - Blocked Shots : 6 - Penalty Minutes : 14
TAMPA BAY Lightning - Hits : 33 - Faceoff Wins : 43 - Blocked Shots : 6 - Penalty Minutes : 16

Official

Referees : Jean Hebert and Anna Wiegand
Linesman : Matt MacPherson and Diana Mokhova

Game Notes

No Game Note

Finance

Level 1 -- Attendance: 4646 (66,37%) -- Ticket Income $464,600
Level 2 -- Attendance: 3899 (69,63%) -- Ticket Income $233,940
Level 3 -- Attendance: 1990 (97,88%) -- Ticket Income $69,650
Level 4 -- Attendance: 3864 (96,58%) -- Ticket Income $77,280
Luxury Box -- Attendance: 769 (76,06%) -- Ticket Income $153,800
Game was played at the Amalie Arena.
Total Attendance: 15168 (77,21%)
Total Ticket Income: $999,270
Other Income: $249,818
Total Income: $1,249,088

FLORIDA Panthers

5 vs 5 Forward 
   Center                   Left Wing                Right Wing               Time % Phy DF OF 
 1 Steven Stamkos           Carter Verhaeghe         Matthew Tkachuk          40     1   2  2  
 2 Vincent Trocheck         Brock Nelson             Brandon Saad             30     1   1  3  
 3 Adam Henrique            Eetu Luostarinen         Yegor Sharangovich       20     1   2  2  
 4 Derek Grant              Ryan McLeod              Jordan Martinook         10     1   2  2  

5 vs 5 Defense 
   Defense                  Defense                                           Time % Phy DF OF 
 1 Josh Morrissey           Ryan McDonagh                                     40     1   2  2  
 2 Dougie Hamilton          Brady Skjei                                       30     1   2  2  
 3 Connor Murphy            Matt Irwin                                        20     1   2  2  
 4 Josh Morrissey           Ryan McDonagh                                     10     1   2  2  

PowerPlay Forward 
   Center                   Left Wing                Right Wing               Time % Phy DF OF 
 1 Steven Stamkos           Carter Verhaeghe         Matthew Tkachuk          60     1   1  3  
 2 Vincent Trocheck         Brock Nelson             Brandon Saad             40     1   1  3  

PowerPlay Defense
   Defense                  Defense                                           Time % Phy DF OF 
 1 Josh Morrissey           Dougie Hamilton                                   70     1   1  3  
 2 Brady Skjei              Ryan McDonagh                                     30     1   1  3  

Penalty Kill 4 Players Forward 
   Center                   Wing                     Time % Phy DF OF 
 1 Vincent Trocheck         Brock Nelson             60     1   3  1  
 2 Adam Henrique            Eetu Luostarinen         40     1   4  0  

Penalty Kill 4 Players Defense
   Defense                  Defense                  Time % Phy DF OF 
 1 Ryan McDonagh            Brady Skjei              60     1   3  1  
 2 Connor Murphy            Josh Morrissey           40     1   3  1  

Penalty Kill - 3 Players Forward 
   Forward                                           Time % Phy DF OF 
 1 Eetu Luostarinen                                  60     0   5  0  
 2 Vincent Trocheck                                  40     0   5  0  

Penalty Kill - 3 Players Defense
   Defense                  Defense                  Time % Phy DF OF 
 1 Connor Murphy            Ryan McDonagh            60     1   4  0  
 2 Brady Skjei              Josh Morrissey           40     1   4  0  

4 vs 4 Forward 
   Center                   Wing                     Time % Phy DF OF 
 1 Steven Stamkos           Matthew Tkachuk          60     1   2  2  
 2 Vincent Trocheck         Brock Nelson             40     1   2  2  

4 vs 4 Defense
   Defense                  Defense                  Time % Phy DF OF 
 1 Josh Morrissey           Ryan McDonagh            60     1   2  2  
 2 Brady Skjei              Connor Murphy            40     1   2  2  

Last Minutes Offensive
   Center                   Left Wing                Right Wing               Defense                  Defense                  
   Steven Stamkos           Carter Verhaeghe         Matthew Tkachuk          Josh Morrissey           Dougie Hamilton          

Last Minutes Defensive
   Center                   Left Wing                Right Wing               Defense                  Defense                  
   Vincent Trocheck         Brock Nelson             Brandon Saad             Ryan McDonagh            Brady Skjei              

Goaltenders
Starting : Darcy Kuemper            
Backup : Cayden Primeau           

Extra Forwards
Normal : Matthew Tkachuk, Steven Stamkos, Carter Verhaeghe - PP : Yegor Sharangovich, Adam Henrique - PK : Eetu Luostarinen
Extra Defensemen
Normal : Brady Skjei, Dougie Hamilton, Connor Murphy - PP : Dougie Hamilton - PK : Ryan McDonagh, Connor Murphy
Penalty Shots
Steven Stamkos, Matthew Tkachuk, Brock Nelson, Carter Verhaeghe, Vincent Trocheck

Scratches
None

TAMPA BAY Lightning

5 vs 5 Forward 
   Center                   Left Wing                Right Wing               Time % Phy DF OF 
 1 Mikael Backlund          Anders Lee               Eeli Tolvanen            40     1   2  2  
 2 Scott Laughton           Mason Marchment          Ryan Reaves              30     1   2  2  
 3 Tyson Jost               Nick Ritchie             Sammy Blais              20     1   2  2  
 4 Michael McCarron         Nicolas Deslauriers      Christian Fischer        10     3   1  1  

5 vs 5 Defense 
   Defense                  Defense                                           Time % Phy DF OF 
 1 Dylan DeMelo             Timothy Liljegren                                 40     1   2  2  
 2 Erik Gudbranson          Chad Ruhwedel                                     30     1   2  2  
 3 Josh Mahura              Robert Hagg                                       20     1   2  2  
 4 Dylan DeMelo             Timothy Liljegren                                 10     1   2  2  

PowerPlay Forward 
   Center                   Left Wing                Right Wing               Time % Phy DF OF 
 1 Mikael Backlund          Anders Lee               Eeli Tolvanen            60     1   2  2  
 2 Tyson Jost               Scott Laughton           Mason Marchment          40     1   2  2  

PowerPlay Defense
   Defense                  Defense                                           Time % Phy DF OF 
 1 Dylan DeMelo             Erik Gudbranson                                   60     1   2  2  
 2 Timothy Liljegren        Josh Mahura                                       40     1   2  2  

Penalty Kill 4 Players Forward 
   Center                   Wing                     Time % Phy DF OF 
 1 Mikael Backlund          Anders Lee               60     1   2  2  
 2 Scott Laughton           Tyson Jost               40     1   2  2  

Penalty Kill 4 Players Defense
   Defense                  Defense                  Time % Phy DF OF 
 1 Dylan DeMelo             Erik Gudbranson          60     1   2  2  
 2 Timothy Liljegren        Chad Ruhwedel            40     1   2  2  

Penalty Kill - 3 Players Forward 
   Forward                                           Time % Phy DF OF 
 1 Mikael Backlund                                   60     1   2  2  
 2 Scott Laughton                                    40     1   2  2  

Penalty Kill - 3 Players Defense
   Defense                  Defense                  Time % Phy DF OF 
 1 Dylan DeMelo             Erik Gudbranson          60     1   2  2  
 2 Timothy Liljegren        Chad Ruhwedel            40     1   2  2  

4 vs 4 Forward 
   Center                   Wing                     Time % Phy DF OF 
 1 Mikael Backlund          Eeli Tolvanen            60     1   2  2  
 2 Anders Lee               Mason Marchment          40     1   2  2  

4 vs 4 Defense
   Defense                  Defense                  Time % Phy DF OF 
 1 Dylan DeMelo             Erik Gudbranson          60     1   2  2  
 2 Timothy Liljegren        Chad Ruhwedel            40     1   2  2  

Last Minutes Offensive
   Center                   Left Wing                Right Wing               Defense                  Defense                  
   Mikael Backlund          Anders Lee               Eeli Tolvanen            Dylan DeMelo             Timothy Liljegren        

Last Minutes Defensive
   Center                   Left Wing                Right Wing               Defense                  Defense                  
   Mikael Backlund          Scott Laughton           Ryan Reaves              Dylan DeMelo             Erik Gudbranson          

Goaltenders
Starting : Karel Vejmelka           
Backup : Calvin Petersen          

Extra Forwards
Normal : Christian Fischer, Mikael Backlund, Nick Ritchie - PP : Christian Fischer, Mikael Backlund - PK : Christian Fischer
Extra Defensemen
Normal : Chad Ruhwedel, Josh Mahura, Robert Hagg - PP : Chad Ruhwedel - PK : Chad Ruhwedel, Josh Mahura
Penalty Shots
Mikael Backlund, Anders Lee, Scott Laughton, Eeli Tolvanen, Mason Marchment

Scratches
Brock McGinn (Healthy), Philippe Myers (Healthy), Robin Lehner (Healthy)

% Time on Ice - FLORIDA Panthers

Lines # - Real PCT - Wanted PCT - Time Play
Normal Forward
1 - 38% - 40% - 13:52
2 - 26% - 30% - 9:14
3 - 26% - 20% - 9:31
4 - 10% - 10% - 3:33
Normal Defense
1 - 33% - 40% - 11:54
2 - 36% - 30% - 12:56
3 - 29% - 20% - 10:33
4 - 2% - 10% - 0:47
PP Forward
1 - 54% - 60% - 6:02
2 - 46% - 40% - 5:07
PP Defense
1 - 61% - 70% - 6:47
2 - 39% - 30% - 4:22
PK Forward
1 - 75% - 60% - 7:20
2 - 25% - 40% - 2:26
PK Defense
1 - 48% - 60% - 4:42
2 - 52% - 40% - 5:04
PK3 Forward
1 - 79% - 60% - 0:44
2 - 21% - 40% - 0:12
PK3 Defense
1 - 100% - 60% - 0:56
2 - 0% - 40% - 0:00
44 Forward
1 - 100% - 60% - 1:59
2 - 0% - 40% - 0:00
44 Defense
1 - 39% - 60% - 0:46
2 - 61% - 40% - 1:13
Last Minute Offensive  - 0:00
Last Minute Defensive  - 0:00
Total
Forward - 60:00
Defense - 60:00

% Time on Ice - TAMPA BAY Lightning

Lines # - Real PCT - Wanted PCT - Time Play
Normal Forward
1 - 34% - 40% - 12:22
2 - 26% - 30% - 9:18
3 - 16% - 20% - 5:56
4 - 24% - 10% - 8:34
Normal Defense
1 - 38% - 40% - 13:41
2 - 32% - 30% - 11:38
3 - 30% - 20% - 10:51
4 - 0% - 10% - 0:00
PP Forward
1 - 48% - 60% - 5:11
2 - 52% - 40% - 5:31
PP Defense
1 - 58% - 60% - 6:10
2 - 42% - 40% - 4:32
PK Forward
1 - 69% - 60% - 7:43
2 - 31% - 40% - 3:26
PK Defense
1 - 51% - 60% - 5:42
2 - 49% - 40% - 5:27
PK3 Forward
1 - 0% - 60%
2 - 0% - 40%
PK3 Defense
1 - 0% - 60%
2 - 0% - 40%
44 Forward
1 - 73% - 60% - 1:27
2 - 27% - 40% - 0:32
44 Defense
1 - 91% - 60% - 1:48
2 - 9% - 40% - 0:11
Last Minute Offensive  - 0:00
Last Minute Defensive  - 0:00
Total
Forward - 60:00
Defense - 60:00

Play-by-Play

1st period


0:01 of 1st period - Mikael Backlund wins face-off versus Steven Stamkos in neutral zone.
0:18 of 1st period - Shot by Carter Verhaeghe.
0:18 of 1st period - Stopped by Karel Vejmelka without a rebound.
0:19 of 1st period - Vincent Trocheck wins face-off versus Scott Laughton in TAMPA BAY Lightning zone.
0:58 of 1st period - Brandon Saad is hit by Erik Gudbranson.
1:10 of 1st period - Off-side.
1:11 of 1st period - Adam Henrique wins face-off versus Tyson Jost in neutral zone.
1:22 of 1st period - Shot by Connor Murphy.
1:22 of 1st period - Stopped by Karel Vejmelka without a rebound.
1:23 of 1st period - Steven Stamkos wins face-off versus Mikael Backlund in TAMPA BAY Lightning zone.
1:26 of 1st period - Shot by Carter Verhaeghe.
1:26 of 1st period - Shot Misses the Net.
1:45 of 1st period - Josh Morrissey is hit by Anders Lee and loses puck.
1:52 of 1st period - Shot by Steven Stamkos.
1:52 of 1st period - Shot Blocked by Timothy Liljegren.
2:08 of 1st period - Shot by Steven Stamkos.
2:08 of 1st period - Shot Blocked by Timothy Liljegren.
2:44 of 1st period - Shot by Yegor Sharangovich.
2:44 of 1st period - Stopped by Karel Vejmelka without a rebound.
2:45 of 1st period - Derek Grant wins face-off versus Michael McCarron in TAMPA BAY Lightning zone.
3:03 of 1st period - Icing by Chad Ruhwedel.
3:04 of 1st period - Vincent Trocheck wins face-off versus Michael McCarron in TAMPA BAY Lightning zone.
3:04 of 1st period - Vincent Trocheck is hit by Chad Ruhwedel.
3:26 of 1st period - Vincent Trocheck is hit by Chad Ruhwedel and loses puck.
3:50 of 1st period - Minor Penalty to Sammy Blais for Tripping.
3:51 of 1st period - Mikael Backlund wins face-off versus Steven Stamkos in TAMPA BAY Lightning zone.
3:51 of 1st period - Mikael Backlund is hit by Carter Verhaeghe.
4:44 of 1st period - Icing by Josh Morrissey.
4:45 of 1st period - Steven Stamkos wins face-off versus Scott Laughton in FLORIDA Panthers zone.
5:26 of 1st period - Shot by Ryan McDonagh.
5:26 of 1st period - Shot Misses the Net.
5:54 of 1st period - Yegor Sharangovich is hit by Nicolas Deslauriers and loses puck.
6:10 of 1st period - Off-side.
6:11 of 1st period - Derek Grant wins face-off versus Scott Laughton in neutral zone.
6:36 of 1st period - Shot by Ryan Reaves.
6:36 of 1st period - Stopped by Darcy Kuemper without a rebound.
6:37 of 1st period - Steven Stamkos wins face-off versus Tyson Jost in FLORIDA Panthers zone.
6:37 of 1st period - Dougie Hamilton is hit by Nick Ritchie and loses puck.
6:49 of 1st period - Carter Verhaeghe is hit by Nick Ritchie and loses puck.
7:11 of 1st period - Minor Penalty to Josh Mahura for Hooking.
7:12 of 1st period - Mikael Backlund wins face-off versus Vincent Trocheck in TAMPA BAY Lightning zone.
7:12 of 1st period - Mikael Backlund is hit by Vincent Trocheck.
7:24 of 1st period - Shot by Josh Morrissey.
7:24 of 1st period - Stopped by Karel Vejmelka with a rebound.
7:26 of 1st period - Shot by Dougie Hamilton.
7:26 of 1st period - Shot Misses the Net.
7:28 of 1st period - Shot by Josh Morrissey.
7:28 of 1st period - Stopped by Karel Vejmelka without a rebound.
7:29 of 1st period - Mikael Backlund wins face-off versus Steven Stamkos in TAMPA BAY Lightning zone.
7:37 of 1st period - Icing by Brady Skjei.
7:38 of 1st period - Steven Stamkos wins face-off versus Mikael Backlund in FLORIDA Panthers zone.
8:01 of 1st period - Shot by Anders Lee.
8:01 of 1st period - Shot Misses the Net.
8:03 of 1st period - Shot by Mikael Backlund.
8:03 of 1st period - Shot Misses the Net.
8:05 of 1st period - Shot by Erik Gudbranson.
8:05 of 1st period - Shot Misses the Net.
8:11 of 1st period - Shot by Anders Lee.
8:11 of 1st period - Shot Misses the Net.
8:13 of 1st period - Shot by Dylan DeMelo.
8:13 of 1st period - Shot Misses the Net.
8:15 of 1st period - Shot by Mikael Backlund.
8:15 of 1st period - Shot Misses the Net.
8:17 of 1st period - Shot by Erik Gudbranson.
8:17 of 1st period - Shot Misses the Net.
8:19 of 1st period - Shot by Mikael Backlund.
8:19 of 1st period - Goal by Mikael Backlund - FLORIDA Panthers : 0 - TAMPA BAY Lightning : 1.
8:20 of 1st period - Vincent Trocheck wins face-off versus Scott Laughton in neutral zone.
8:25 of 1st period - Shot by Josh Morrissey.
8:25 of 1st period - Deflect By Brock Nelson.
8:25 of 1st period - Shot Misses the Net.
8:27 of 1st period - Shot by Brandon Saad.
8:27 of 1st period - Shot Misses the Net.
8:29 of 1st period - Shot by Dougie Hamilton.
8:29 of 1st period - Stopped by Karel Vejmelka without a rebound.
8:30 of 1st period - Scott Laughton wins face-off versus Vincent Trocheck in TAMPA BAY Lightning zone.
8:30 of 1st period - Scott Laughton is hit by Vincent Trocheck.
8:45 of 1st period - Vincent Trocheck is hit by Timothy Liljegren and loses puck.
9:15 of 1st period - Eetu Luostarinen is hit by Josh Mahura and loses puck.
10:06 of 1st period - Shot by Nicolas Deslauriers.
10:06 of 1st period - Shot Hit the Post.
10:17 of 1st period - Shot by Michael McCarron.
10:17 of 1st period - Shot Misses the Net.
10:21 of 1st period - Shot by Nicolas Deslauriers.
10:21 of 1st period - Shot Blocked by Connor Murphy.
10:23 of 1st period - Shot by Nicolas Deslauriers.
10:23 of 1st period - Shot Blocked by Connor Murphy.
10:25 of 1st period - Shot by Nicolas Deslauriers.
10:25 of 1st period - Stopped by Darcy Kuemper without a rebound.
10:26 of 1st period - Scott Laughton wins face-off versus Steven Stamkos in FLORIDA Panthers zone.
11:00 of 1st period - Off-side.
11:01 of 1st period - Vincent Trocheck wins face-off versus Tyson Jost in neutral zone.
11:30 of 1st period - Shot by Tyson Jost.
11:30 of 1st period - Stopped by Darcy Kuemper with a rebound.
11:56 of 1st period - Minor Penalty to Dougie Hamilton for Tripping.
11:57 of 1st period - Eetu Luostarinen wins face-off versus Mikael Backlund in FLORIDA Panthers zone.
12:26 of 1st period - Shot by Anders Lee.
12:26 of 1st period - Shot Misses the Net.
12:42 of 1st period - Eetu Luostarinen is hit by Mikael Backlund and loses puck.
13:07 of 1st period - Shot by Timothy Liljegren.
13:07 of 1st period - Stopped by Darcy Kuemper without a rebound.
13:08 of 1st period - Tyson Jost wins face-off versus Eetu Luostarinen in FLORIDA Panthers zone.
13:17 of 1st period - Shot by Timothy Liljegren.
13:17 of 1st period - Shot Misses the Net.
13:29 of 1st period - Shot by Josh Mahura.
13:29 of 1st period - Stopped by Darcy Kuemper without a rebound.
13:30 of 1st period - Vincent Trocheck wins face-off versus Mikael Backlund in FLORIDA Panthers zone.
13:49 of 1st period - Shot by Anders Lee.
13:49 of 1st period - Stopped by Darcy Kuemper without a rebound.
13:50 of 1st period - Tyson Jost wins face-off versus Brock Nelson in FLORIDA Panthers zone.
14:20 of 1st period - Matthew Tkachuk is hit by Robert Hagg and loses puck.
14:30 of 1st period - Steven Stamkos is hit by Robert Hagg and loses puck.
15:04 of 1st period - Icing by Robert Hagg.
15:05 of 1st period - Adam Henrique wins face-off versus Michael McCarron in TAMPA BAY Lightning zone.
15:40 of 1st period - Shot by Mikael Backlund.
15:40 of 1st period - Shot Misses the Net.
15:48 of 1st period - Shot by Timothy Liljegren.
15:48 of 1st period - Shot Blocked by Dougie Hamilton.
15:58 of 1st period - Shot by Timothy Liljegren.
15:58 of 1st period - Stopped by Darcy Kuemper without a rebound.
15:59 of 1st period - Steven Stamkos wins face-off versus Ryan Reaves in FLORIDA Panthers zone.
16:15 of 1st period - Matthew Tkachuk is hit by Chad Ruhwedel.
16:22 of 1st period - Ryan Reaves is hit by Ryan McDonagh and loses puck.
16:45 of 1st period - Icing by Steven Stamkos.
16:46 of 1st period - Steven Stamkos wins face-off versus Eeli Tolvanen in FLORIDA Panthers zone.
16:50 of 1st period - Icing by Josh Morrissey.
16:51 of 1st period - Eeli Tolvanen wins face-off versus Steven Stamkos in FLORIDA Panthers zone.
17:22 of 1st period - Minor Penalty to Brock Nelson for Cross-checking.
17:23 of 1st period - Tyson Jost wins face-off versus Vincent Trocheck in FLORIDA Panthers zone.
17:36 of 1st period - Shot by Erik Gudbranson.
17:36 of 1st period - Stopped by Darcy Kuemper with a rebound.
17:38 of 1st period - Shot by Erik Gudbranson.
17:38 of 1st period - Stopped by Darcy Kuemper with a rebound.
19:33 of 1st period - Shot by Matthew Tkachuk.
19:33 of 1st period - Stopped by Karel Vejmelka without a rebound.
19:34 of 1st period - Adam Henrique wins face-off versus Michael McCarron in TAMPA BAY Lightning zone.
Goals for this period are 0 for FLORIDA Panthers vs 1 for TAMPA BAY Lightning.
Shots for this period are 7 for FLORIDA Panthers vs 10 for TAMPA BAY Lightning.

2nd period


0:01 of 2nd period - Anders Lee wins face-off versus Steven Stamkos in neutral zone.
0:15 of 2nd period - Shot by Matthew Tkachuk.
0:15 of 2nd period - Stopped by Karel Vejmelka without a rebound.
0:16 of 2nd period - Vincent Trocheck wins face-off versus Scott Laughton in TAMPA BAY Lightning zone.
0:17 of 2nd period - Shot by Brock Nelson.
0:17 of 2nd period - Stopped by Karel Vejmelka without a rebound.
0:18 of 2nd period - Vincent Trocheck wins face-off versus Mikael Backlund in TAMPA BAY Lightning zone.
0:22 of 2nd period - Icing by Timothy Liljegren.
0:23 of 2nd period - Mikael Backlund wins face-off versus Steven Stamkos in TAMPA BAY Lightning zone.
0:28 of 2nd period - Off-side.
0:29 of 2nd period - Mikael Backlund wins face-off versus Vincent Trocheck in neutral zone.
0:32 of 2nd period - Shot by Dylan DeMelo.
0:32 of 2nd period - Stopped by Darcy Kuemper with a rebound.
0:43 of 2nd period - Shot by Anders Lee.
0:43 of 2nd period - Stopped by Darcy Kuemper without a rebound.
0:44 of 2nd period - Scott Laughton wins face-off versus Steven Stamkos in FLORIDA Panthers zone.
0:44 of 2nd period - Scott Laughton is hit by Dougie Hamilton.
0:47 of 2nd period - Mason Marchment is hit by Brady Skjei and loses puck.
0:52 of 2nd period - Shot by Mason Marchment.
0:52 of 2nd period - Shot Hit the Post.
0:54 of 2nd period - Shot by Mason Marchment.
0:54 of 2nd period - Shot Misses the Net.
1:15 of 2nd period - Mason Marchment is hit by Brady Skjei.
1:43 of 2nd period - Shot by Mikael Backlund.
1:43 of 2nd period - Shot Misses the Net.
1:51 of 2nd period - Minor Penalty to Brady Skjei for Holding.
1:52 of 2nd period - Vincent Trocheck wins face-off versus Mikael Backlund in FLORIDA Panthers zone.
3:16 of 2nd period - Icing by Dylan DeMelo.
3:17 of 2nd period - Vincent Trocheck wins face-off versus Tyson Jost in TAMPA BAY Lightning zone.
3:18 of 2nd period - Shot by Brock Nelson.
3:18 of 2nd period - Stopped by Karel Vejmelka without a rebound.
3:19 of 2nd period - Tyson Jost wins face-off versus Vincent Trocheck in TAMPA BAY Lightning zone.
3:19 of 2nd period - Tyson Jost is hit by Brock Nelson.
3:45 of 2nd period - Shot by Scott Laughton.
3:45 of 2nd period - Goal by Scott Laughton - FLORIDA Panthers : 0 - TAMPA BAY Lightning : 2.
3:46 of 2nd period - Michael McCarron wins face-off versus Steven Stamkos in neutral zone.
4:11 of 2nd period - Shot by Steven Stamkos.
4:11 of 2nd period - Shot Misses the Net.
4:13 of 2nd period - Shot by Brady Skjei.
4:13 of 2nd period - Shot Blocked by Josh Mahura.
4:15 of 2nd period - Shot by Brady Skjei.
4:15 of 2nd period - Stopped by Karel Vejmelka without a rebound.
4:16 of 2nd period - Vincent Trocheck wins face-off versus Mikael Backlund in TAMPA BAY Lightning zone.
4:17 of 2nd period - Shot by Brock Nelson.
4:17 of 2nd period - Deflect By Brandon Saad.
4:17 of 2nd period - Stopped by Karel Vejmelka without a rebound.
4:18 of 2nd period - Mikael Backlund wins face-off versus Vincent Trocheck in TAMPA BAY Lightning zone.
4:18 of 2nd period - Mikael Backlund is hit by Brock Nelson.
4:29 of 2nd period - Mikael Backlund is hit by Josh Morrissey and loses puck.
4:43 of 2nd period - Vincent Trocheck is hit by Anders Lee and loses puck.
5:29 of 2nd period - Matt Irwin is hit by Scott Laughton and loses puck.
5:43 of 2nd period - Double Minor Penalty to Erik Gudbranson for Roughing.
5:43 of 2nd period - Minor Penalty to Matthew Tkachuk for Tripping.
5:44 of 2nd period - Mikael Backlund wins face-off versus Steven Stamkos in TAMPA BAY Lightning zone.
5:59 of 2nd period - Shot by Eeli Tolvanen.
5:59 of 2nd period - Shot Misses the Net.
6:47 of 2nd period - Icing by Josh Mahura.
6:48 of 2nd period - Steven Stamkos wins face-off versus Mason Marchment in TAMPA BAY Lightning zone.
7:03 of 2nd period - Shot by Brock Nelson.
7:03 of 2nd period - Stopped by Karel Vejmelka without a rebound.
7:04 of 2nd period - Anders Lee wins face-off versus Steven Stamkos in TAMPA BAY Lightning zone.
7:11 of 2nd period - Shot by Mason Marchment.
7:11 of 2nd period - Stopped by Darcy Kuemper without a rebound.
7:12 of 2nd period - Steven Stamkos wins face-off versus Mikael Backlund in FLORIDA Panthers zone.
7:14 of 2nd period - Icing by Brady Skjei.
7:15 of 2nd period - Mikael Backlund wins face-off versus Steven Stamkos in FLORIDA Panthers zone.
7:30 of 2nd period - Shot by Eeli Tolvanen.
7:30 of 2nd period - Deflect By Mikael Backlund.
7:30 of 2nd period - Shot Misses the Net.
7:42 of 2nd period - Shot by Eeli Tolvanen.
7:42 of 2nd period - Shot Misses the Net.
8:21 of 2nd period - Icing by Brock Nelson.
8:22 of 2nd period - Vincent Trocheck wins face-off versus Mikael Backlund in FLORIDA Panthers zone.
9:24 of 2nd period - Icing by Ryan McDonagh.
9:25 of 2nd period - Mikael Backlund wins face-off versus Carter Verhaeghe in FLORIDA Panthers zone.
9:46 of 2nd period - Icing by Connor Murphy.
9:47 of 2nd period - Scott Laughton wins face-off versus Adam Henrique in FLORIDA Panthers zone.
9:47 of 2nd period - Josh Mahura is hit by Matt Irwin and loses puck.
10:05 of 2nd period - Shot by Ryan Reaves.
10:05 of 2nd period - Stopped by Darcy Kuemper without a rebound.
10:06 of 2nd period - Vincent Trocheck wins face-off versus Tyson Jost in FLORIDA Panthers zone.
10:13 of 2nd period - Shot by Ryan McDonagh.
10:13 of 2nd period - Shot Blocked by Erik Gudbranson.
10:15 of 2nd period - Shot by Josh Morrissey.
10:15 of 2nd period - Shot Misses the Net.
10:20 of 2nd period - Vincent Trocheck is hit by Chad Ruhwedel and loses puck.
10:39 of 2nd period - Shot by Brandon Saad.
10:39 of 2nd period - Shot Misses the Net.
10:44 of 2nd period - Brock Nelson is hit by Erik Gudbranson and loses puck.
11:12 of 2nd period - Shot by Dougie Hamilton.
11:12 of 2nd period - Shot Misses the Net.
11:14 of 2nd period - Shot by Adam Henrique.
11:14 of 2nd period - Stopped by Karel Vejmelka with a rebound.
12:23 of 2nd period - Shot by Scott Laughton.
12:23 of 2nd period - Stopped by Darcy Kuemper without a rebound.
12:24 of 2nd period - Nicolas Deslauriers wins face-off versus Steven Stamkos in FLORIDA Panthers zone.
12:27 of 2nd period - Shot by Christian Fischer.
12:27 of 2nd period - Stopped by Darcy Kuemper with a rebound.
12:45 of 2nd period - Shot by Christian Fischer.
12:45 of 2nd period - Shot Misses the Net.
13:08 of 2nd period - Minor Penalty to Sammy Blais for Cross-checking.
13:09 of 2nd period - Mikael Backlund wins face-off versus Vincent Trocheck in TAMPA BAY Lightning zone.
13:24 of 2nd period - Shot by Vincent Trocheck.
13:24 of 2nd period - Shot Misses the Net.
13:26 of 2nd period - Shot by Brandon Saad.
13:26 of 2nd period - Deflect By Brock Nelson.
13:26 of 2nd period - Goal by Brock Nelson - FLORIDA Panthers : 1 - TAMPA BAY Lightning : 2.
13:27 of 2nd period - Derek Grant wins face-off versus Scott Laughton in neutral zone.
14:00 of 2nd period - Shot by Josh Mahura.
14:00 of 2nd period - Stopped by Darcy Kuemper without a rebound.
14:01 of 2nd period - Mikael Backlund wins face-off versus Steven Stamkos in FLORIDA Panthers zone.
14:11 of 2nd period - Eeli Tolvanen is hit by Brady Skjei and loses puck.
14:12 of 2nd period - Minor Penalty to Dougie Hamilton for Slashing.
14:13 of 2nd period - Vincent Trocheck wins face-off versus Mikael Backlund in FLORIDA Panthers zone.
14:13 of 2nd period - Vincent Trocheck is hit by Mikael Backlund.
14:33 of 2nd period - Shot by Anders Lee.
14:33 of 2nd period - Stopped by Darcy Kuemper without a rebound.
14:34 of 2nd period - Tyson Jost wins face-off versus Vincent Trocheck in FLORIDA Panthers zone.
14:35 of 2nd period - Shot by Timothy Liljegren.
14:35 of 2nd period - Shot Misses the Net.
14:53 of 2nd period - Shot by Timothy Liljegren.
14:53 of 2nd period - Stopped by Darcy Kuemper with a rebound.
15:15 of 2nd period - Minor Penalty to Connor Murphy for Hooking.
15:16 of 2nd period - Mikael Backlund wins face-off versus Eetu Luostarinen in FLORIDA Panthers zone.
16:13 of 2nd period - Shot by Scott Laughton.
16:13 of 2nd period - Shot Misses the Net.
16:15 of 2nd period - Shot by Scott Laughton.
16:15 of 2nd period - Stopped by Darcy Kuemper with a rebound.
16:23 of 2nd period - Shot by Josh Mahura.
16:23 of 2nd period - Stopped by Darcy Kuemper without a rebound.
16:24 of 2nd period - Vincent Trocheck wins face-off versus Tyson Jost in FLORIDA Panthers zone.
16:36 of 2nd period - Shot by Timothy Liljegren.
16:36 of 2nd period - Stopped by Darcy Kuemper without a rebound.
16:37 of 2nd period - Vincent Trocheck wins face-off versus Mikael Backlund in FLORIDA Panthers zone.
16:46 of 2nd period - Shot by Mikael Backlund.
16:46 of 2nd period - Deflect By Eeli Tolvanen.
16:46 of 2nd period - Shot Misses the Net.
17:02 of 2nd period - Shot by Anders Lee.
17:02 of 2nd period - Stopped by Darcy Kuemper without a rebound.
17:03 of 2nd period - Tyson Jost wins face-off versus Adam Henrique in FLORIDA Panthers zone.
17:23 of 2nd period - Shot by Josh Mahura.
17:23 of 2nd period - Shot Misses the Net.
17:28 of 2nd period - Nicolas Deslauriers is hit by Matt Irwin and loses puck.
17:34 of 2nd period - Michael McCarron is hit by Connor Murphy and loses puck.
17:51 of 2nd period - Michael McCarron is hit by Matt Irwin and loses puck.
18:36 of 2nd period - Shot by Vincent Trocheck.
18:36 of 2nd period - Deflect By Brock Nelson.
18:36 of 2nd period - Shot Misses the Net.
19:06 of 2nd period - Shot by Anders Lee.
19:06 of 2nd period - Stopped by Darcy Kuemper without a rebound.
19:07 of 2nd period - Adam Henrique wins face-off versus Tyson Jost in FLORIDA Panthers zone.
19:07 of 2nd period - Adam Henrique is hit by Sammy Blais.
19:24 of 2nd period - Minor Penalty to Nick Ritchie for Tripping.
19:25 of 2nd period - Steven Stamkos wins face-off versus Mikael Backlund in TAMPA BAY Lightning zone.
Goals for this period are 1 for FLORIDA Panthers vs 1 for TAMPA BAY Lightning.
Shots for this period are 8 for FLORIDA Panthers vs 15 for TAMPA BAY Lightning.

3rd period


0:01 of 3rd period - Mikael Backlund wins face-off versus Steven Stamkos in neutral zone.
0:11 of 3rd period - Dougie Hamilton is hit by Mikael Backlund and loses puck.
0:19 of 3rd period - Josh Morrissey is hit by Timothy Liljegren and loses puck.
0:24 of 3rd period - Shot by Matthew Tkachuk.
0:24 of 3rd period - Shot Misses the Net.
0:26 of 3rd period - Shot by Dougie Hamilton.
0:26 of 3rd period - Shot Misses the Net.
0:31 of 3rd period - Steven Stamkos is hit by Chad Ruhwedel and loses puck.
0:40 of 3rd period - Shot by Josh Morrissey.
0:40 of 3rd period - Shot Misses the Net.
0:42 of 3rd period - Shot by Steven Stamkos.
0:42 of 3rd period - Shot Misses the Net.
0:44 of 3rd period - Shot by Josh Morrissey.
0:44 of 3rd period - Stopped by Karel Vejmelka with a rebound.
1:28 of 3rd period - Off-side.
1:29 of 3rd period - Adam Henrique wins face-off versus Michael McCarron in neutral zone.
1:48 of 3rd period - Shot by Christian Fischer.
1:48 of 3rd period - Shot Misses the Net.
2:03 of 3rd period - Christian Fischer is hit by Connor Murphy and loses puck.
2:06 of 3rd period - Shot by Nicolas Deslauriers.
2:06 of 3rd period - Stopped by Darcy Kuemper with a rebound.
3:59 of 3rd period - Shot by Brandon Saad.
3:59 of 3rd period - Deflect By Vincent Trocheck.
3:59 of 3rd period - Stopped by Karel Vejmelka without a rebound.
4:00 of 3rd period - Scott Laughton wins face-off versus Derek Grant in TAMPA BAY Lightning zone.
4:15 of 3rd period - Shot by Scott Laughton.
4:15 of 3rd period - Stopped by Darcy Kuemper with a rebound.
4:17 of 3rd period - Shot by Mason Marchment.
4:17 of 3rd period - Shot Blocked by Connor Murphy.
4:21 of 3rd period - Shot by Ryan Reaves.
4:21 of 3rd period - Shot Blocked by Connor Murphy.
4:25 of 3rd period - Shot by Scott Laughton.
4:25 of 3rd period - Deflect By Ryan Reaves.
4:25 of 3rd period - Stopped by Darcy Kuemper without a rebound.
4:26 of 3rd period - Yegor Sharangovich wins face-off versus Tyson Jost in FLORIDA Panthers zone.
4:53 of 3rd period - Shot by Eetu Luostarinen.
4:53 of 3rd period - Stopped by Karel Vejmelka without a rebound.
4:54 of 3rd period - Steven Stamkos wins face-off versus Scott Laughton in TAMPA BAY Lightning zone.
4:57 of 3rd period - Shot by Carter Verhaeghe.
4:57 of 3rd period - Stopped by Karel Vejmelka without a rebound.
4:58 of 3rd period - Scott Laughton wins face-off versus Steven Stamkos in TAMPA BAY Lightning zone.
5:33 of 3rd period - Shot by Mason Marchment.
5:33 of 3rd period - Stopped by Darcy Kuemper without a rebound.
5:34 of 3rd period - Anders Lee wins face-off versus Vincent Trocheck in FLORIDA Panthers zone.
7:46 of 3rd period - Shot by Chad Ruhwedel.
7:46 of 3rd period - Stopped by Darcy Kuemper without a rebound.
7:47 of 3rd period - Mikael Backlund wins face-off versus Adam Henrique in FLORIDA Panthers zone.
7:56 of 3rd period - Shot by Eeli Tolvanen.
7:56 of 3rd period - Shot Misses the Net.
8:05 of 3rd period - Minor Penalty to Eeli Tolvanen for Cross-checking.
8:06 of 3rd period - Vincent Trocheck wins face-off versus Mikael Backlund in TAMPA BAY Lightning zone.
8:06 of 3rd period - Vincent Trocheck is hit by Dylan DeMelo.
8:18 of 3rd period - Shot by Josh Morrissey.
8:18 of 3rd period - Stopped by Karel Vejmelka without a rebound.
8:19 of 3rd period - Vincent Trocheck wins face-off versus Mikael Backlund in TAMPA BAY Lightning zone.
8:26 of 3rd period - Shot by Vincent Trocheck.
8:26 of 3rd period - Stopped by Karel Vejmelka without a rebound.
8:27 of 3rd period - Mikael Backlund wins face-off versus Steven Stamkos in TAMPA BAY Lightning zone.
8:58 of 3rd period - Shot by Josh Morrissey.
8:58 of 3rd period - Shot Misses the Net.
9:00 of 3rd period - Shot by Steven Stamkos.
9:00 of 3rd period - Goal by Steven Stamkos - FLORIDA Panthers : 2 - TAMPA BAY Lightning : 2.
9:01 of 3rd period - Scott Laughton wins face-off versus Brandon Saad in neutral zone.
9:19 of 3rd period - Minor Penalty to Connor Murphy for Slashing.
9:20 of 3rd period - Vincent Trocheck wins face-off versus Tyson Jost in FLORIDA Panthers zone.
9:20 of 3rd period - Vincent Trocheck is hit by Mason Marchment.
9:30 of 3rd period - Tyson Jost is hit by Vincent Trocheck and loses puck.
10:01 of 3rd period - Shot by Eetu Luostarinen.
10:01 of 3rd period - Stopped by Karel Vejmelka without a rebound.
10:02 of 3rd period - Mikael Backlund wins face-off versus Vincent Trocheck in TAMPA BAY Lightning zone.
10:07 of 3rd period - Shot by Eeli Tolvanen.
10:07 of 3rd period - Stopped by Darcy Kuemper without a rebound.
10:08 of 3rd period - Vincent Trocheck wins face-off versus Mikael Backlund in FLORIDA Panthers zone.
10:31 of 3rd period - Shot by Eeli Tolvanen.
10:31 of 3rd period - Stopped by Darcy Kuemper with a rebound.
10:33 of 3rd period - Shot by Josh Mahura.
10:33 of 3rd period - Stopped by Darcy Kuemper without a rebound.
10:34 of 3rd period - Vincent Trocheck wins face-off versus Tyson Jost in FLORIDA Panthers zone.
11:05 of 3rd period - Shot by Tyson Jost.
11:05 of 3rd period - Shot Blocked by Vincent Trocheck.
11:07 of 3rd period - Shot by Tyson Jost.
11:07 of 3rd period - Goal by Tyson Jost - FLORIDA Panthers : 2 - TAMPA BAY Lightning : 3.
11:08 of 3rd period - Mikael Backlund wins face-off versus Matthew Tkachuk in neutral zone.
11:25 of 3rd period - Shot by Carter Verhaeghe.
11:25 of 3rd period - Stopped by Karel Vejmelka without a rebound.
11:26 of 3rd period - Michael McCarron wins face-off versus Adam Henrique in TAMPA BAY Lightning zone.
11:31 of 3rd period - Shot by Adam Henrique.
11:31 of 3rd period - Shot Blocked by Chad Ruhwedel.
11:44 of 3rd period - Icing by Adam Henrique.
11:45 of 3rd period - Mikael Backlund wins face-off versus Adam Henrique in FLORIDA Panthers zone.
12:09 of 3rd period - Yegor Sharangovich is hit by Timothy Liljegren and loses puck.
12:46 of 3rd period - Shot by Scott Laughton.
12:46 of 3rd period - Shot Hit the Post.
12:48 of 3rd period - Shot by Mason Marchment.
12:48 of 3rd period - Stopped by Darcy Kuemper without a rebound.
12:49 of 3rd period - Tyson Jost wins face-off versus Vincent Trocheck in FLORIDA Panthers zone.
12:50 of 3rd period - Shot by Sammy Blais.
12:50 of 3rd period - Goal by Sammy Blais - FLORIDA Panthers : 2 - TAMPA BAY Lightning : 4.
12:51 of 3rd period - Scott Laughton wins face-off versus Vincent Trocheck in neutral zone.
13:10 of 3rd period - Shot by Brock Nelson.
13:10 of 3rd period - Shot Misses the Net.
13:24 of 3rd period - Shot by Vincent Trocheck.
13:24 of 3rd period - Stopped by Karel Vejmelka with a rebound.
13:26 of 3rd period - Shot by Brock Nelson.
13:26 of 3rd period - Shot Misses the Net.
13:28 of 3rd period - Shot by Ryan McDonagh.
13:28 of 3rd period - Shot Blocked by Erik Gudbranson.
13:30 of 3rd period - Shot by Ryan McDonagh.
13:30 of 3rd period - Shot Misses the Net.
13:55 of 3rd period - Icing by Matthew Tkachuk.
13:56 of 3rd period - Steven Stamkos wins face-off versus Eeli Tolvanen in FLORIDA Panthers zone.
14:24 of 3rd period - Eeli Tolvanen is hit by Dougie Hamilton and loses puck.
14:39 of 3rd period - Icing by Dylan DeMelo.
14:40 of 3rd period - Mikael Backlund wins face-off versus Vincent Trocheck in TAMPA BAY Lightning zone.
14:51 of 3rd period - Shot by Brock Nelson.
14:51 of 3rd period - Shot Misses the Net.
14:53 of 3rd period - Shot by Brock Nelson.
14:53 of 3rd period - Shot Hit the Post.
14:55 of 3rd period - Shot by Brock Nelson.
14:55 of 3rd period - Stopped by Karel Vejmelka without a rebound.
14:56 of 3rd period - Derek Grant wins face-off versus Tyson Jost in TAMPA BAY Lightning zone.
15:12 of 3rd period - Minor Penalty to Chad Ruhwedel for Cross-checking.
15:13 of 3rd period - Vincent Trocheck wins face-off versus Anders Lee in TAMPA BAY Lightning zone.
15:16 of 3rd period - Shot by Josh Morrissey.
15:16 of 3rd period - Shot Misses the Net.
15:18 of 3rd period - Shot by Brandon Saad.
15:18 of 3rd period - Shot Misses the Net.
16:23 of 3rd period - Carter Verhaeghe is hit by Tyson Jost and loses puck.
16:27 of 3rd period - Ryan McDonagh is hit by Scott Laughton and loses puck.
16:51 of 3rd period - Icing by Steven Stamkos.
16:52 of 3rd period - Mikael Backlund wins face-off versus Steven Stamkos in FLORIDA Panthers zone.
17:18 of 3rd period - Adam Henrique is hit by Chad Ruhwedel and loses puck.
18:13 of 3rd period - Shot by Mason Marchment.
18:13 of 3rd period - Stopped by Darcy Kuemper without a rebound.
18:14 of 3rd period - Vincent Trocheck wins face-off versus Nicolas Deslauriers in FLORIDA Panthers zone.
18:14 of 3rd period - Vincent Trocheck is hit by Michael McCarron.
18:19 of 3rd period - Ryan McDonagh is hit by Nicolas Deslauriers and loses puck.
18:30 of 3rd period - Shot by Brock Nelson.
18:30 of 3rd period - Shot Misses the Net.
18:37 of 3rd period - Brock Nelson is hit by Dylan DeMelo and loses puck.
18:55 of 3rd period - Vincent Trocheck is hit by Dylan DeMelo and loses puck.
19:09 of 3rd period - Carter Verhaeghe is hit by Dylan DeMelo and loses puck.
19:12 of 3rd period - Shot by Matthew Tkachuk.
19:12 of 3rd period - Stopped by Karel Vejmelka without a rebound.
19:13 of 3rd period - Derek Grant wins face-off versus Mikael Backlund in TAMPA BAY Lightning zone.
19:45 of 3rd period - Shot by Eeli Tolvanen.
19:45 of 3rd period - Deflect By Anders Lee.
19:45 of 3rd period - Stopped by Darcy Kuemper with a rebound.
Goals for this period are 1 for FLORIDA Panthers vs 2 for TAMPA BAY Lightning.
Shots for this period are 12 for FLORIDA Panthers vs 13 for TAMPA BAY Lightning. Output by the SimonT Hockey Simulator (STHS) for Martin Benoit - Original Page W3C HTML5 Valid
Hockey Simulator - Hockey Simulation - Hockey Manager